| TOP OF THE 1ST |
|
Frisco RoughRiders batting - Pitching for Arkansas Travelers : RHP Getachew El Sayed
|
|
Pitching: RHP Getachew El Sayed
|
|
|
Batting: LHB Yoshinari Nara
|
0-0: Ball 1-0: Foul Ball, location: 2F 1-1: Swinging Strike 1-2: Foul Ball, location: 2F 1-2: Strikes out swinging
|
|
Batting: LHB Josh Stuck
|
0-0: Ball 1-0: Called Strike 1-1: Ball 2-1: Called Strike 2-2: Foul Ball, location: 2F 2-2: Ball 3-2: Ground out U3 (Groundball, 13, EV 81.2 MPH)
|
|
Batting: LHB Jody Hudson
|
0-0: Ball 1-0: Ball 2-0: Foul Ball, location: 2F 2-1: Foul Ball, location: 2F 2-2: Strikes out looking
|
| Top of the 1st over - 0 runs, 0 hits, 0 errors, 0 left on base; Frisco 0 - Arkansas 0 |
| BOTTOM OF THE 1ST |
|
Arkansas Travelers batting - Pitching for Frisco RoughRiders : RHP Tim Martin
|
|
Pitching: RHP Tim Martin
|
|
|
Batting: RHB Nick Lombardo
|
0-0: Swinging Strike 0-1: Called Strike 0-2: Ball 1-2: Ball 2-2: Strikes out swinging
|
|
Batting: RHB Ryan Pelletier
|
0-0: Ball 1-0: Called Strike 1-1: Ball 2-1: Ball 3-1: Swinging Strike 3-2: Strikes out swinging
|
|
Batting: RHB Kyler Seitz
|
0-0: Ball 1-0: Swinging Strike 1-1: Swinging Strike 1-2: Ball 2-2: Foul Ball, location: 2F 2-2: Ground out 6-3 (Groundball, 6, EV 88.8 MPH)
|
| Bottom of the 1st over - 0 runs, 0 hits, 0 errors, 0 left on base; Frisco 0 - Arkansas 0 |
| TOP OF THE 2ND |
|
Frisco RoughRiders batting - Pitching for Arkansas Travelers : RHP Getachew El Sayed
|
|
Batting: RHB Sean Neuroth
|
0-0: Called Strike 0-1: Ball 1-1: Ball 2-1: Swinging Strike 2-2: Strikes out swinging
|
|
Batting: RHB Wally Cangro
|
0-0: Ball 1-0: Ground out 3-1 (Groundball, 34, EV 103.8 MPH)
|
|
Batting: LHB Joseph Martin
|
0-0: Called Strike 0-1: Foul Ball, location: 2F 0-2: Ball 1-2: Strikes out looking
|
| Top of the 2nd over - 0 runs, 0 hits, 0 errors, 0 left on base; Frisco 0 - Arkansas 0 |
| BOTTOM OF THE 2ND |
|
Arkansas Travelers batting - Pitching for Frisco RoughRiders : RHP Tim Martin
|
|
Batting: RHB Juan Montez
|
0-0: Ball 1-0: Ground out 6-3 (Groundball, 6, EV 103.1 MPH)
|
|
Batting: RHB Ricky Mejicanos
|
0-0: Ball 1-0: Ground out 1-3 (Groundball, 15S, EV 68.1 MPH)
|
|
Batting: RHB Kinya Nishimura
|
0-0: Foul Ball, location: 2F 0-1: Called Strike 0-2: Strikes out swinging
|
| Bottom of the 2nd over - 0 runs, 0 hits, 0 errors, 0 left on base; Frisco 0 - Arkansas 0 |
| TOP OF THE 3RD |
|
Frisco RoughRiders batting - Pitching for Arkansas Travelers : RHP Getachew El Sayed
|
|
Batting: RHB Jordan Fairburn
|
0-0: Ball 1-0: Foul Ball, location: 2F 1-1: Ball 2-1: Foul Ball, location: 2F 2-2: Strikes out looking
|
|
Batting: RHB Joe Kemp
|
0-0: Ball 1-0: Ball 2-0: Called Strike 2-1: Swinging Strike 2-2: Ball 3-2: SINGLE (Groundball, 56D, EV 111.9 MPH)
|
|
Batting: RHB Luis Arce
|
0-0: Called Strike Joe Kemp steals 2nd base 0-1: Called Strike 0-2: Ball 1-2: Fly out, F8 (Flyball, 8RD, EV 96.2 MPH)
|
|
Batting: LHB Yoshinari Nara
|
0-0: Ball 1-0: Called Strike 1-1: Ball 2-1: Swinging Strike 2-2: Strikes out looking
|
| Top of the 3rd over - 0 runs, 1 hit, 0 errors, 1 left on base; Frisco 0 - Arkansas 0 |
| BOTTOM OF THE 3RD |
|
Arkansas Travelers batting - Pitching for Frisco RoughRiders : RHP Tim Martin
|
|
Batting: RHB Danny Bjarnson
|
0-0: Ball 1-0: Swinging Strike 1-1: Ball 2-1: Foul Ball, location: 2F 2-2: Foul Ball, location: 2F 2-2: Ball 3-2: Strikes out swinging
|
|
Batting: RHB T.J. Gray
|
0-0: Ball 1-0: Called Strike 1-1: Fly out, F8 (Flyball, 8LXD, EV 91.2 MPH)
|
|
Batting: RHB Davey Verhoog
|
0-0: Ball 1-0: Ball 2-0: Called Strike 2-1: Called Strike 2-2: Strikes out swinging
|
| Bottom of the 3rd over - 0 runs, 0 hits, 0 errors, 0 left on base; Frisco 0 - Arkansas 0 |
| TOP OF THE 4TH |
|
Frisco RoughRiders batting - Pitching for Arkansas Travelers : RHP Getachew El Sayed
|
|
Batting: LHB Josh Stuck
|
0-0: Called Strike 0-1: Swinging Strike 0-2: Strikes out looking
|
|
Batting: LHB Jody Hudson
|
0-0: Ball 1-0: SINGLE (Groundball, 4D, EV 96.2 MPH)
|
|
Batting: RHB Sean Neuroth
|
0-0: Called Strike Jody Hudson steals 2nd base 0-1: Ball 1-1: Called Strike 1-2: Strikes out swinging
|
|
Batting: RHB Wally Cangro
|
0-0: Ball 1-0: Fly out, F8 (Flyball, 8LM, EV 89.4 MPH)
|
| Top of the 4th over - 0 runs, 1 hit, 0 errors, 1 left on base; Frisco 0 - Arkansas 0 |
| BOTTOM OF THE 4TH |
|
Arkansas Travelers batting - Pitching for Frisco RoughRiders : RHP Tim Martin
|
|
Batting: RHB Nick Lombardo
|
0-0: SINGLE (Groundball, 4MD, EV 98.8 MPH)
|
|
Batting: RHB Ryan Pelletier
|
0-0: Fly out, F9 (Line Drive, 9, EV 92.5 MPH)
|
|
Batting: RHB Kyler Seitz
|
0-0: Ball 1-0: Called Strike 1-1: SINGLE (Line Drive, 6D, EV 105.0 MPH) Nick Lombardo to second
|
|
Batting: RHB Juan Montez
|
0-0: DOUBLE (Groundball, 5L, EV 96.2 MPH) Nick Lombardo scores Kyler Seitz to third
|
|
Batting: RHB Ricky Mejicanos
|
0-0: Ball 1-0: Called Strike 1-1: Fly out, F7 (Line Drive, 7S, EV 94.4 MPH)
|
|
Batting: RHB Kinya Nishimura
|
0-0: Called Strike 0-1: Swinging Strike 0-2: Strikes out looking
|
| Bottom of the 4th over - 1 run, 3 hits, 0 errors, 2 left on base; Frisco 0 - Arkansas 1 |
| TOP OF THE 5TH |
|
Frisco RoughRiders batting - Pitching for Arkansas Travelers : RHP Getachew El Sayed
|
|
Batting: LHB Joseph Martin
|
0-0: Ball 1-0: Ball 2-0: Ball 3-0: Called Strike 3-1: Foul Ball, location: 2F 3-2: Base on Balls
|
|
Batting: RHB Jordan Fairburn
|
0-0: Ball 1-0: Called Strike 1-1: Called Strike 1-2: Foul Ball, location: 2F 1-2: Ball Joseph Martin steals 2nd base 2-2: Ball 3-2: Foul Ball, location: 2F 3-2: Base on Balls
|
|
Batting: RHB Joe Kemp
|
0-0: Fly out, F6 (Popup, 6, EV 60.0 MPH)
|
|
Batting: RHB Luis Arce
|
0-0: Foul Ball, location: 2F 0-1: Ball 1-1: Fielders Choice at 2nd, 1-6 (Groundball, 13S, EV 68.1 MPH) Joseph Martin to third
|
|
Pitching: RHP Jason Smallwood
|
|
|
Batting: LHB Yoshinari Nara
|
0-0: Ball 1-0: Called Strike 1-1: Ball 2-1: Ball 3-1: Foul Ball, location: 2F 3-2: Foul Ball, location: 2F 3-2: Strikes out swinging
|
| Top of the 5th over - 0 runs, 0 hits, 0 errors, 2 left on base; Frisco 0 - Arkansas 1 |
| BOTTOM OF THE 5TH |
|
Arkansas Travelers batting - Pitching for Frisco RoughRiders : RHP Tim Martin
|
|
Batting: RHB Danny Bjarnson
|
0-0: Ball 1-0: DOUBLE (Line Drive, 9LM, EV 106.2 MPH)
|
|
Batting: RHB T.J. Gray
|
0-0: Called Strike 0-1: Foul Ball, location: 2F 0-2: Ball 1-2: Foul Ball, location: 2F 1-2: Foul Ball, location: 2F 1-2: Strikes out swinging
|
|
Batting: RHB Davey Verhoog
|
0-0: Swinging Strike 0-1: Called Strike 0-2: Ball 1-2: Ball 2-2: Strikes out swinging
|
|
Batting: RHB Nick Lombardo
|
0-0: Ball 1-0: DOUBLE (Flyball, 8LXD, EV 92.5 MPH) Danny Bjarnson scores
|
|
Batting: RHB Ryan Pelletier
|
0-0: Ball 1-0: Ground out 6-3 (Groundball, 6, EV 104.4 MPH)
|
| Bottom of the 5th over - 1 run, 2 hits, 0 errors, 1 left on base; Frisco 0 - Arkansas 2 |
| TOP OF THE 6TH |
|
Frisco RoughRiders batting - Pitching for Arkansas Travelers : RHP Jason Smallwood
|
|
Batting: LHB Josh Stuck
|
0-0: Called Strike 0-1: DOUBLE (Groundball, 5D, EV 96.2 MPH)
|
|
Batting: LHB Jody Hudson
|
0-0: Foul Ball, location: 2F 0-1: Foul Ball, location: 2F 0-2: Fly out, F7 (Flyball, 7D, EV 105.0 MPH) Runner from 2nd tags up, SAFE at 3rd, no throw by LF
|
|
Batting: RHB Sean Neuroth
|
0-0: Foul Ball, location: 2F 0-1: Foul Ball, location: 2F 0-2: Ball 1-2: Fly out, F9 (Flyball, 9LMF, EV 98.8 MPH)
|
|
Pinch Hitting: SHB Seung-ho Zhang
|
0-0: Ball 1-0: Ball 2-0: Ball 3-0: Called Strike 3-1: Base on Balls
|
|
Batting: LHB Joseph Martin
|
0-0: Ball 1-0: Ball 2-0: Ball 3-0: Base on Balls Seung-ho Zhang to second
|
|
Batting: RHB Jordan Fairburn
|
0-0: Foul Ball, location: 2F 0-1: Called Strike 0-2: Fielders Choice at 2nd, 6-4 (Groundball, 6, EV 83.8 MPH)
|
| Top of the 6th over - 0 runs, 1 hit, 0 errors, 3 left on base; Frisco 0 - Arkansas 2 |
| BOTTOM OF THE 6TH |
|
Arkansas Travelers batting - Pitching for Frisco RoughRiders : RHP Tim Martin
|
|
Now in RF: Seung-ho Zhang
|
|
|
Batting: RHB Kyler Seitz
|
0-0: Called Strike 0-1: Foul Ball, location: 2F 0-2: Ball 1-2: Strikes out looking
|
|
Batting: RHB Juan Montez
|
0-0: Ball 1-0: Swinging Strike 1-1: Ball 2-1: Ball 3-1: Called Strike 3-2: Fly out, F9 (Flyball, 89D, EV 106.2 MPH)
|
|
Batting: RHB Ricky Mejicanos
|
0-0: Foul Ball, location: 2F 0-1: Ball 1-1: Ball 2-1: Ground out 3-1 (Groundball, 34, EV 105.0 MPH)
|
| Bottom of the 6th over - 0 runs, 0 hits, 0 errors, 0 left on base; Frisco 0 - Arkansas 2 |
| TOP OF THE 7TH |
|
Frisco RoughRiders batting - Pitching for Arkansas Travelers : RHP Jason Smallwood
|
|
Pitching: LHP Kyle Worford
|
|
|
Batting: RHB Joe Kemp
|
0-0: Called Strike 0-1: Foul Ball, location: 2F 0-2: SINGLE (Groundball, 56, EV 96.9 MPH)
|
|
Batting: RHB Luis Arce
|
0-0: Ball Joe Kemp is caught stealing 2nd base 2-4 1-0: Called Strike 1-1: Ball 2-1: Ball 3-1: Foul Ball, location: 2F 3-2: Fly out, F6 (Popup, 56, EV 73.1 MPH)
|
|
Pinch Hitting: RHB Chance Lamb
|
0-0: Called Strike 0-1: Ball 1-1: Ball 2-1: Foul Ball, location: 2F 2-2: Strikes out swinging
|
| Top of the 7th over - 0 runs, 1 hit, 0 errors, 0 left on base; Frisco 0 - Arkansas 2 |
| BOTTOM OF THE 7TH |
|
Arkansas Travelers batting - Pitching for Frisco RoughRiders : RHP Tim Martin
|
|
Now in LF: Jorge Benites
|
|
|
Batting: RHB Kinya Nishimura
|
0-0: Ball 1-0: Called Strike 1-1: SINGLE (Line Drive, 56D, EV 110.0 MPH)
|
|
Batting: RHB Danny Bjarnson
|
0-0: Fly out, F9 (Line Drive, 89M, EV 94.4 MPH)
|
|
Batting: RHB T.J. Gray
|
0-0: Called Strike 0-1: Foul Ball, location: 2F 0-2: Ball 1-2: Foul Ball, location: 2F 1-2: Strikes out swinging
|
|
Batting: RHB Davey Verhoog
|
0-0: Called Strike 0-1: Ground out 6-3 (Groundball, 4MD, EV 108.1 MPH)
|
| Bottom of the 7th over - 0 runs, 1 hit, 0 errors, 1 left on base; Frisco 0 - Arkansas 2 |
| TOP OF THE 8TH |
|
Frisco RoughRiders batting - Pitching for Arkansas Travelers : LHP Kyle Worford
|
|
Pitching: LHP Steve McClain
|
|
|
Batting: LHB Josh Stuck
|
0-0: Ground out U3 (Groundball, 3, EV 78.1 MPH)
|
|
Pinch Hitting: RHB Josh Whitmore
|
0-0: Ball 1-0: Foul Ball, location: 2F 1-1: Ball 2-1: Ball 3-1: Foul Ball, location: 2F 3-2: Foul Ball, location: 2F 3-2: Strikes out looking
|
|
Batting: RHB Sean Neuroth
|
0-0: SINGLE (Groundball, 6MD, EV 105.0 MPH)
|
|
Batting: SHB Seung-ho Zhang
|
0-0: Ball 1-0: Called Strike 1-1: Ball 2-1: Fly out, F8 (Flyball, 78M, EV 87.5 MPH)
|
| Top of the 8th over - 0 runs, 1 hit, 0 errors, 1 left on base; Frisco 0 - Arkansas 2 |
| BOTTOM OF THE 8TH |
|
Arkansas Travelers batting - Pitching for Frisco RoughRiders : RHP Tim Martin
|
|
Now at 1B: Josh Whitmore
|
|
|
Batting: RHB Nick Lombardo
|
0-0: Ball 1-0: Foul Ball, location: 2F 1-1: Swinging Strike 1-2: Ground out 6-3 (Groundball, 56, EV 89.4 MPH)
|
|
Batting: RHB Ryan Pelletier
|
0-0: Ball 1-0: Swinging Strike 1-1: Ball 2-1: Swinging Strike 2-2: Ball 3-2: Foul Ball, location: 2F 3-2: Strikes out looking
|
|
Batting: RHB Kyler Seitz
|
0-0: Foul Ball, location: 2F 0-1: SINGLE (Groundball, 6D, EV 98.1 MPH)
|
|
Batting: RHB Juan Montez
|
0-0: Foul Ball, location: 2F 0-1: Swinging Strike 0-2: Strikes out swinging
|
| Bottom of the 8th over - 0 runs, 1 hit, 0 errors, 1 left on base; Frisco 0 - Arkansas 2 |
| TOP OF THE 9TH |
|
Frisco RoughRiders batting - Pitching for Arkansas Travelers : LHP Steve McClain
|
|
Now at 2B: Phil Knox
|
|
|
Pinch Hitting: RHB John Michener
|
0-0: DOUBLE (Line Drive, 78D, EV 105.6 MPH)
|
|
Batting: RHB Jordan Fairburn
|
0-0: Foul Ball, location: 2F 0-1: Ball 1-1: Ball Passed Ball! John Michener to third 2-1: Swinging Strike 2-2: Strikes out looking
|
|
Batting: RHB Joe Kemp
|
0-0: Ball 1-0: Ball 2-0: Swinging Strike 2-1: Ball 3-1: Foul Ball, location: 2F 3-2: Base on Balls
|
|
Batting: RHB Luis Arce
|
0-0: Foul Ball, location: 2F 0-1: Ball 1-1: Ball 2-1: Ball 3-1: Base on Balls Joe Kemp to second
|
|
Pitching: RHP Jose Alvarado
|
|
|
Pinch Hitting: LHB Jim Pankratz
|
0-0: Swinging Strike 0-1: Ball 1-1: Ball 2-1: Swinging Strike 2-2: Foul Ball, location: 2F 2-2: Ball 3-2: Base on Balls John Michener scores Joe Kemp to third Luis Arce to second
|
|
Batting: LHB Josh Stuck
|
0-0: Ball 1-0: Grounds into fielders choice 1-2 (Groundball, 15S, EV 56.9 MPH) Luis Arce to third Jim Pankratz to second
|
|
Batting: RHB Josh Whitmore
|
0-0: Called Strike 0-1: Swinging Strike 0-2: Foul Ball, location: 2F 0-2: Strikes out swinging
|
| Top of the 9th over - 1 run, 1 hit, 0 errors, 3 left on base; Frisco 1 - Arkansas 2 |
|